 Dungeon Crawl Stone Soup version 0.25-a0-302-g9f758675c1 (webtiles) character file.

Game seed: 9110293606411831343, levelgen mode: deterministic

80 vishdafish the Sneak (level 4, -4/30 HPs)
             Began as an Octopode Assassin on Dec 17, 2019.
             Slain by Grinder (5 damage)
             ... while paralysed by Grinder
             ... on level 3 of the Dungeon on Dec 20, 2019.
             The game lasted 00:02:04 (1472 turns).

vishdafish the Sneak (Octopode Assassin)            Turns: 1472, Time: 00:02:05

Health: -4/30      AC:  1    Str: 11    XL:     4   Next: 39%
Magic:  4/4        EV:  2    Int: 13    God:
Gold:   158        SH:  0    Dex: 13    Spells: 3/3 levels left

rFire    . . .     SeeInvis .   a - +2 dagger
rCold    . . .     Gourm    .   (no shield)
rNeg     . . .     Faith    .   (helmet restricted)
rPois    .         Spirit   .   (no amulet)
rElec    .         Reflect  .   j - ring of attention (curse)
rCorr    .         Harm     .   (no ring)
MR       .....                  (no ring)
Stlth    +++.......             (no ring)
HPRegen  0.10/turn              (no ring)
MPRegen  0.09/turn              (no ring)
                                (no ring)
                                (no ring)

@: paralysed, lightly drained
A: almost no armour, stealthy swim, amphibious, 8 rings, constrict 8, camouflage
1, gelatinous body 1
a: no special abilities


You were on level 3 of the Dungeon.
You were hungry.

You visited 1 branch of the dungeon, and saw 3 of its levels.

You collected 158 gold pieces.

Inventory:

Hand Weapons
 a - a +2 dagger (weapon)
Missiles
 b - 2 poisoned darts (quivered)
 c - 2 curare-tipped darts
 g - 2 datura-tipped darts
Jewellery
 f - an uncursed ring of wizardry {unknown}
 j - a cursed ring of attention (left tentacle)
Scrolls
 e - a scroll of enchant weapon {unknown}
 h - 2 scrolls of identify {unknown}
 i - a scroll of remove curse {unknown}
 k - a scroll of teleportation {unknown}
Comestibles
 d - 5 rations


   Skills:
 + Level 2.6 Fighting
 + Level 2.7 Short Blades
 - Level 2.0(1.9) Throwing
 + Level 2.0 Dodging
 * Level 6.3(6.2) Stealth


You had 3 spell levels left.
You didn't know any spells.
Your spell library was empty.

Dungeon Overview and Level Annotations

Branches:
Dungeon (3/15)

Altars:
Fedhas

Annotations:
D:3 Grinder


Innate Abilities, Weirdness & Mutations

You cannot wear most types of armour.
You are very stealthy in the water. (Stealth+)
You are amphibious.
You can wear up to eight rings at the same time.
You can use your tentacles to constrict eight enemies at once.
Your skin changes colour to match your surroundings (Stealth+).
Your rubbery body absorbs attacks. (AC +1, EV +1)


Message History

The poisoned dart closely misses Grinder.
Throwing (i - inventory. (/) - cycle)
b - 3 poisoned darts (quivered)
Press: ? - help, Shift-Dir - straight line, f/p - Grinder
Aim: Grinder You throw a poisoned dart.
The poisoned dart closely misses Grinder.
Grinder gestures at you.
You suddenly lose the ability to move!
Grinder says, "What is the universe for?"
Grinder hits you!
You writhe in agony.
Grinder gestures at you. You resist with significant effort. Grinder hits you.
* * * LOW HITPOINT WARNING * * *
You writhe in agony.
* * * LOW HITPOINT WARNING * * *
Grinder hits you.
* * * LOW HITPOINT WARNING * * *
You writhe in agony.
You die...

#.........# #..#
#...##†##.# #..##
### #.##.###...##
.
#.##.##.....###..
#......<.........
#####.###.........
#...............#
#.###...........#
####..@5((((#
#.......(#
#........#
...#.######
#####.# ... ..#.
#.#.#


You could see Grinder.

Vanquished Creatures
  2 adders
  2 oozes (D:2)
  A worm (D:2)
  2 dart slugs (D:1)
  A leopard gecko (D:1)
  4 orcs (D:3)
  A ball python (D:2)
  6 bats
  4 giant cockroaches
  3 goblins
  A hobgoblin (D:1)
  6 kobolds
  2 frilled lizards (D:1)
  8 rats (D:1)
43 creatures vanquished.

Notes
Turn   | Place    | Note
-------+----------+-------------------------------------------
     0 | D:1      | vishdafish the Octopode Assassin began the quest for the
                  | Orb.
     0 | D:1      | Reached XP level 1. HP: 14/14 MP: 1/1
    92 | D:1      | Reached XP level 2. HP: 4/19 MP: 2/2
   348 | D:1      | Upgraded the game from 0.25-a0-294-gea9b1ad378 to
                  | 0.25-a0-302-g9f758675c1
   680 | D:1      | Reached XP level 3. HP: 18/25 MP: 3/3
  1005 | D:2      | Found a blossoming altar of Fedhas.
  1075 | D:2      | Reached skill level 6 in Stealth
  1198 | D:2      | Reached XP level 4. HP: 23/30 MP: 4/4
  1458 | D:3      | Noticed Grinder
  1466 | D:3      | Paralysed by Grinder for 7 turns
  1472 | D:3      | HP: 1/30 [Grinder (4)]
  1472 | D:3      | Slain by Grinder

Levels and vault maps discovered:
D:1:      dpeg_arrival_arbitrary_a, layout_loops_ring
D:2:      layout_loops_cross, fedhas_ov_isle_minmay, minmay_misc_feat_room
D:3:      layout_loops_corners, old_standard_altar,
          nicolae_overflow_hidden_temple, uniq_grinder

Skill      XL: |  1  2  3  4 |
---------------+-------------+-----
Stealth        | 6 |  6.3
Dodging        | 2 |  2.0
Fighting       | |  2.6
Short Blades   | |  2.7
Throwing       | |  2.0

Action                   |  1- 3 |  4- 6 || total
-------------------------+-------+-------++-------
Melee: Dagger            |    66 |    14 ||    80
       Constrict         |    15 |     6 ||    21
       Tentacles         |    13 |     5 ||    18
Throw: Dart              |       |     6 ||     6
 Stab: Sleeping          |    10 |     1 ||    11
       Distracted        |     1 |       ||     1
  Eat: Chunk             |       |     1 ||     1
Armor: Skin              |     6 |       ||     6
Dodge: Dodged            |    36 |     7 ||    43

Table legend:
 A = Non-vault XP
 B = Vault XP
 C = Vault XP percentage of total XP
 D = Non-vault monster count
 E = Vault monster count
 F = Vault count percentage of total count
                 A         B        C        D         E       F
            +---------+---------+-------+---------+---------+-------
      Total |     115 |       0 |   0.0 |      43 |       0 |   0.0
            +---------+---------+-------+---------+---------+-------
        D:1 |      40 |       0 |   0.0 |      25 |       0 |   0.0
        D:2 |      45 |       0 |   0.0 |      11 |       0 |   0.0
        D:3 |      30 |       0 |   0.0 |       7 |       0 |   0.0
            +---------+---------+-------+---------+---------+-------
